Map: Romanticide LE

Players

TLHarstem (Harstem) - Winner!

  • Race: Protoss Protoss
  • League: Master
  • Spawn Location: 11:00

ShaDoWn

  • Race: Protoss Protoss
  • League: Master
  • Spawn Location: 5:00

Event: DreamHack SC2 Masters 2020 Winter

VOD

Have the link to the VOD?

Description

Time

  • Played on: Oct. 14, 2020, 2:36 p.m.
  • Length: 13:46

All games in this series

Show
View Real Time Build Order
Export as new Build Order

TLHarstem Protoss - Winner!

Build Orders:  

Get SALT Encoding   

  12  0:00  Probe  
  13  0:12  Probe  
  14  0:17  Pylon  
  14  0:24  Probe  
  15  0:35  Gateway  
  15  0:36  Probe (Chrono Boost)  
  16  0:46  Probe (Chrono Boost)  
  16  0:48  Assimilator  
  17  0:51  Probe (Chrono Boost)  
  17  0:55  Assimilator  
  18  1:03  Probe  
  19  1:09  Gateway  
  19  1:15  Probe  
  20  1:22  Cybernetics Core  
  20  1:27  Probe  
  20  1:32  Pylon  
  21  1:39  Probe  
  22  1:51  Probe  
  23  1:57  Warp Gate (Chrono Boost)  
  23  1:59  Adept x2  
  27  2:03  Probe  
  28  2:10  Pylon  
  29  2:15  Probe  
  29  2:23  Shield Battery  
  29  2:29  Adept x2  
  32  2:49  Nexus  
  32  2:59  Adept x2  
  36  3:09  Probe  
  36  3:10  Pylon  
  37  3:26  Probe  
  38  3:31  Shield Battery  
  38  3:38  Probe  
  38  3:39  Adept  
  38  3:40  Adept  
  43  3:41  Shield Battery  
  43  3:50  Robotics Facility  
  43  3:53  Probe (Chrono Boost)  
  44  4:00  Sentry  
  47  4:03  Probe (Chrono Boost), Sentry  
  47  4:06  Probe (Chrono Boost)  
  51  4:10  Probe (Chrono Boost)  
  51  4:13  Probe (Chrono Boost)  
  51  4:15  Probe (Chrono Boost)  
  54  4:27  Probe (Chrono Boost)  
  54  4:29  Probe (Chrono Boost)  
  54  4:30  Pylon  
  55  4:33  Stalker  
  55  4:35  Probe (Chrono Boost)  
  55  4:37  Probe (Chrono Boost)  
  59  4:40  Observer  
  59  4:41  Probe  
  61  4:48  Probe  
  61  4:50  Twilight Council  
  62  4:53  Forge, Probe  
  63  5:00  Assimilator, Probe  
  64  5:09  Probe  
  64  5:12  Probe  
  66  5:20  Stalker x2  
  70  5:27  Blink (Chrono Boost)  
  70  5:32  Pylon, Probe  
  70  5:34  Protoss Ground Weapons Level 1  
  70  5:35  Pylon  
  68  5:41  Probe  
  68  5:42  Observer  
  69  5:43  Nexus  
  69  5:47  Probe  
  70  5:53  Gateway  
  70  5:56  Gateway  
  68  6:02  Probe  
  69  6:05  Immortal  
  69  6:06  Probe  
  72  6:15  Stalker x2, Probe  
  75  6:19  Probe  
  76  6:27  Probe  
  76  6:28  Pylon  
  76  6:31  Probe  
  76  6:38  Photon Cannon  
  76  6:39  Probe  
  77  6:42  Stalker, Immortal (Chrono Boost)  
  77  6:44  Probe  
  84  6:57  Gateway  
  84  6:58  Gateway, Probe x2 (Chrono Boost)  
  87  7:03  Probe (Chrono Boost)  
  87  7:07  Probe (Chrono Boost)  
  88  7:09  Stalker x3  
  88  7:11  Probe (Chrono Boost)  
  88  7:12  Probe (Chrono Boost)  
  88  7:15  Probe  
  96  7:17  Immortal (Chrono Boost)  
  101  7:25  Stalker  
  101  7:27  Assimilator  
  101  7:31  Assimilator  
  101  7:37  Robotics Bay  
  101  7:38  Pylon  
  101  7:40  Dark Shrine  
  101  7:41  Photon Cannon  
  101  7:42  Pylon  
  101  7:43  Probe  
  101  7:44  Probe  
  103  7:50  Probe  
  103  7:52  Observer (Chrono Boost)  
  103  7:56  Protoss Ground Weapons Level 2  
  100  7:59  Zealot x3  
  100  8:00  Zealot  
  100  8:03  Charge  
  109  8:05  Probe  
  109  8:07  Assimilator  
  109  8:10  Stalker x2  
  113  8:21  Probe  
  112  8:27  Probe  
  112  8:31  Probe  
  114  8:35  Probe  
  114  8:37  Photon Cannon  
  114  8:38  Stalker x2, Shield Battery  
  114  8:39  Disruptor (Chrono Boost)  
  114  8:40  Observer  
  122  8:44  Pylon  
  122  8:45  Nexus  
  122  8:46  Pylon  
  122  8:50  Probe  
  122  8:52  Probe  
  124  9:03  Disruptor (Chrono Boost), Probe  
  124  9:05  Probe  
  124  9:06  Pylon  
  129  9:10  Shield Battery  
  129  9:13  Robotics Facility  
  129  9:14  Pylon  
  129  9:15  Photon Cannon  
  129  9:23  Stalker x2, Photon Cannon  
  133  9:24  Dark Templar  
  133  9:29  Disruptor  
  138  9:31  Dark Templar  
  132  9:59  Zealot x5  
  142  10:02  Pylon  
  142  10:04  Probe  
  142  10:05  Disruptor (Chrono Boost), Probe x2  
  142  10:06  Gateway  
  145  10:07  Gateway  
  145  10:10  Probe  
  142  10:15  Photon Cannon  
  142  10:16  Probe  
  142  10:17  Probe  
  142  10:19  Dark Templar  
  142  10:20  Dark Templar x3  
  152  10:22  Disruptor (Chrono Boost)  
  155  10:30  Probe  
  155  10:33  Stalker x2  
  160  10:36  Disruptor (Chrono Boost), Protoss Ground Weapons Level 3  
  160  10:40  Gravitic Boosters (Chrono Boost)  
  163  10:50  Warp Prism  
  159  11:04  Zealot x6  
  159  11:07  Pylon  
  169  11:14  Observer  
  169  11:17  Disruptor, Nexus  
  172  11:20  Pylon  
  172  11:26  Disruptor  
  172  11:42  Dark Templar, Zealot x7  
  186  11:56  Disruptor  
  185  12:01  Disruptor, Stargate  
  185  12:05  Pylon  
  186  12:22  Stalker x8  
  166  12:31  Disruptor  
  168  12:37  Disruptor  
  168  12:41  Probe  
  168  12:43  Probe  
  168  12:44  Probe x3  
  176  12:45  Photon Cannon  
  176  12:48  Photon Cannon  
  176  12:49  Gateway  
  176  12:50  Photon Cannon  
  171  12:51  Photon Cannon  
  171  12:52  Shield Battery  
  171  12:53  Probe  
  171  12:54  Stalker x2  
  171  12:55  Stalker x2  
  171  12:56  Probe  
  169  13:02  Zealot x4  
  177  13:10  Oracle (Chrono Boost)  
  177  13:11  Disruptor (Chrono Boost)  
  180  13:14  Disruptor (Chrono Boost)  
  178  13:24  Zealot x5  
  178  13:25  Zealot  
  170  13:43  Stalker x3  
Show
View Real Time Build Order
Export as new Build Order

ShaDoWn Protoss 

Build Orders: Dark Templar Rush 

Get SALT Encoding   

  12  0:00  Probe  
  13  0:12  Probe  
  14  0:18  Pylon  
  14  0:24  Probe  
  15  0:36  Probe (Chrono Boost)  
  15  0:38  Gateway  
  15  0:41  Assimilator  
  16  0:47  Probe (Chrono Boost)  
  17  0:51  Assimilator  
  17  0:53  Probe (Chrono Boost)  
  18  1:05  Probe (Chrono Boost)  
  18  1:08  Gateway  
  19  1:13  Probe (Chrono Boost)  
  20  1:19  Probe  
  20  1:24  Cybernetics Core  
  21  1:31  Probe  
  22  1:34  Pylon  
  22  1:44  Probe  
  23  1:56  Probe  
  23  1:58  Warp Gate (Chrono Boost)  
  23  2:01  Stalker x2  
  28  2:10  Probe  
  29  2:15  Pylon  
  29  2:18  Unknown  
  29  2:27  Probe  
  30  2:40  Nexus  
  29  2:45  Sentry x2  
  29  2:47  Probe  
  34  2:56  Twilight Council  
  34  2:59  Probe  
  35  3:11  Probe  
  35  3:12  Pylon  
  36  3:23  Shield Battery, Probe  
  37  3:33  Dark Shrine  
  37  3:34  Shield Battery  
  37  3:35  Probe  
  38  3:43  Forge  
  38  3:46  Stalker  
  40  3:54  Probe (Chrono Boost)  
  40  3:55  Probe (Chrono Boost)  
  42  4:05  Stalker  
  42  4:06  Probe (Chrono Boost)  
  45  4:11  Shield Battery, Probe  
  46  4:20  Probe  
  47  4:26  Pylon  
  47  4:27  Stalker  
  49  4:31  Probe  
  49  4:33  Probe  
  51  4:38  Pylon  
  51  4:42  Shield Battery  
  51  4:43  Stalker, Probe  
  54  4:46  Probe  
  55  4:57  Dark Templar  
  56  5:00  Probe  
  56  5:02  Shield Battery  
  56  5:08  Stalker  
  56  5:09  Probe  
  56  5:12  Probe  
  56  5:13  Blink (Chrono Boost)  
  59  5:22  Probe (Chrono Boost)  
  59  5:25  Probe (Chrono Boost)  
  59  5:26  Protoss Ground Weapons Level 1 (Chrono Boost)  
  59  5:30  Pylon  
  59  5:34  Probe (Chrono Boost)  
  61  5:36  Probe (Chrono Boost)  
  61  5:38  Assimilator  
  61  5:39  Probe (Chrono Boost)  
  62  5:47  Probe  
  63  5:50  Nexus  
  63  5:56  Stalker x2  
  64  6:06  Probe  
  64  6:10  Probe  
  64  6:18  Robotics Facility, Probe  
  64  6:22  Probe  
  64  6:25  Gateway  
  66  6:26  Gateway  
  66  6:30  Probe  
  66  6:32  Stalker  
  69  6:35  Pylon  
  69  6:38  Pylon  
  69  6:39  Probe  
  70  6:53  Probe x2  
  72  6:57  Pylon  
  72  6:58  Stalker x2  
  72  6:59  Charge  
  76  7:04  Shield Battery, Probe (Chrono Boost)  
  76  7:05  Probe (Chrono Boost)  
  76  7:07  Probe (Chrono Boost)  
  76  7:08  Observer  
  82  7:16  Probe (Chrono Boost)  
  82  7:17  Probe (Chrono Boost)  
  82  7:18  Probe (Chrono Boost)  
  82  7:22  Gateway  
  83  7:24  Probe x3 (Chrono Boost)  
  83  7:25  Gateway  
  83  7:29  Probe  
  86  7:31  Assimilator, Probe x2  
  86  7:32  Assimilator  
  89  7:37  Assimilator  
  89  7:39  Stalker  
  89  7:41  Probe  
  89  7:43  Probe x2  
  94  7:46  Stalker  
  94  7:47  Stalker x2  
  98  7:53  Probe  
  98  7:55  Probe  
  99  7:58  Protoss Ground Weapons Level 2 (Chrono Boost)  
  99  8:07  Probe x2  
  99  8:09  Nexus  
  101  8:16  Robotics Facility  
  101  8:23  Robotics Bay  
  101  8:30  Photon Cannon  
  101  8:32  Photon Cannon  
  101  8:33  Pylon  
  101  8:37  Pylon  
  101  8:39  Photon Cannon  
  101  8:41  Dark Templar, Shield Battery  
  101  8:42  Dark Templar x2  
  101  8:46  Probe  
  101  8:47  Probe  
  109  8:49  Archon  
  109  8:53  Probe  
  110  8:56  Pylon  
  110  8:58  Probe  
  110  8:59  Assimilator  
  110  9:00  Probe  
  110  9:01  Assimilator  
  112  9:05  Shield Battery  
  112  9:06  Photon Cannon  
  112  9:07  Probe  
  113  9:10  Probe  
  113  9:12  Disruptor (Chrono Boost)  
  113  9:13  Disruptor (Chrono Boost)  
  113  9:14  Zealot  
  113  9:16  Probe  
  123  9:19  Probe  
  124  9:31  Probe x2  
  129  9:39  Disruptor (Chrono Boost)  
  129  9:41  Gateway  
  129  9:43  Disruptor (Chrono Boost)  
  129  9:45  Gateway  
  132  9:46  Stalker x2  
  132  9:48  Gateway  
  132  9:50  Gateway  
  132  9:57  Probe  
  132  9:58  Stalker x3  
  132  9:59  Stalker  
  140  10:13  Shield Battery  
  138  10:14  Probe  
  138  10:15  Photon Cannon  
  138  10:17  Photon Cannon  
  138  10:19  Observer  
  140  10:26  Photon Cannon, Pylon  
  140  10:29  Pylon  
  140  10:37  Photon Cannon  
  140  10:39  Protoss Ground Weapons Level 3 (Chrono Boost)  
  140  10:44  Stalker, Immortal  
  140  10:48  Stalker, Pylon  
  140  10:49  Pylon  
  148  10:51  Pylon  
  148  10:52  Stalker x4  
  156  11:05  Disruptor  
  156  11:06  Probe  
  156  11:09  Stalker  
  156  11:11  Nexus  
  160  11:15  Stalker x4  
  168  11:23  Disruptor  
  167  11:31  Pylon  
  167  11:38  Stalker  
  169  11:41  Disruptor  
  169  11:42  Pylon  
  169  11:45  Photon Cannon x2  
  172  11:49  Photon Cannon  
  170  11:59  Disruptor  
  173  12:04  Stalker x7  
  187  12:10  Stalker x2  
  181  12:17  Disruptor  
  154  12:28  Stalker x6  
  160  12:30  Probe  
  160  12:34  Disruptor  
  164  12:41  Stalker x3  
  168  12:52  Disruptor  
  167  12:59  Stalker x5  
  173  13:10  Disruptor  
  156  13:24  Stalker x5  
  156  13:25  Stalker x2  
  156  13:26  Probe  
  171  13:27  Probe x2  
  162  13:35  Stalker  
Tags
 
Add a new tag
Caveats
  • Supply blocks, unpowered buildings, or Contaminate may cause inaccurate times.
  • Supply counts are checked every 10 seconds.